 Dungeon Sprint DCSS version 0.30-a0-335-ge5acde7520 (webtiles) character file.

Game seed: 14315879190566957785

732 mhtbhm the Protected (level 7, -1/71 HPs)
             Began as an Armataur Fighter on Oct 30, 2022.
             Was an Initiate of Gozag.
             Slain by a centaur warrior (8 damage)
             ... in the Dungeon (Sprint IX: "|||||||||||||||||||||||||||||").
             The game lasted 00:01:23 (361 turns).

mhtbhm the Protected (Armataur Fighter)              Turns: 361, Time: 00:01:24

Health: -1/71      AC: 11    Str: 23    XL:     7   Next: 45%
Magic:  7/7        EV:  8    Int: 12    God:    Gozag
Gold:   486        SH:  6    Dex: 12    Spells: 6/6 levels left

rFire   . . .      SeeInvis .    a - +0 flail
rCold   . . .      Faith    .    c - +0 buckler
rNeg    . . .      Spirit   .    b - +1 scale mail
rPois   .          Reflect  .    m - +0 helmet
rElec   .          Harm     .    (no cloak)
rCorr   .          Roll     +    (no gloves)
Will    .....      NoTele   +    (no barding)
Stlth   ..........               (no amulet)
HPRegen 0.31/turn                n - +3 ring of intelligence
MPRegen 0.10/turn                o - +3 ring of dexterity

@: no status effects
A: large, rugged brown scales 3, deformed body, armoured tail, roll, long
tongue, awkward tongue
a: Renounce Religion, Potion Petition, Call Merchant, Bribe Branch


You were in the Dungeon.
You worshipped Gozag.
Gozag was aware of your devotion.
You visited 1 branch You collected 486 gold pieces.

Inventory:

Hand Weapons
 a - a +0 flail (weapon)
Armour
 b - a +1 scale mail (worn)
 c - a +0 buckler (worn)
 m - a +0 helmet (worn)
Jewellery
 n - a +3 ring of intelligence (left hand)
 o - a +3 ring of dexterity (right hand)
Wands
 l - a wand of iceblast (7)
Scrolls
 j - 2 scrolls of blinking
 k - 2 scrolls of amnesia
Potions
 g - a potion of haste
 h - 4 potions of magic


   Skills:
 + Level 7.8 Fighting
 + Level 7.3 Maces & Flails
 + Level 10.9 Armour
 + Level 2.1 Dodging
 + Level 1.7 Stealth
 + Level 9.0 Shields


You had 6 spell levels left.
You didn't know any spells.
Your spell library was empty.

Dungeon Overview and Level Annotations

Branches:
Dungeon (1/1)

Altars:
Cheibriados
Dithmenos
Elyvilon
Fedhas
Gozag
Hepliaklqana
Kikubaaqudgha
Makhleb
Nemelex Xobeh
Okawaru
Qazlal
Ru
Sif Muna
Trog
Uskayaw
Vehumet
Wu Jian
Xom
Yredelemnul
Zin
The Shining One
Jiyva
Lugonu


Innate Abilities, Weirdness & Mutations

You are completely covered in rugged brown scales. (AC +3, +7% HP)
Armour fits poorly on your strangely shaped body.
You have a long armoured tail.
You roll when moving toward enemies. (Rampage)
Your long tongue fully drains potion bottles. (2x potion effects)
Your tongue gives you trouble enunciating. (1.5x scroll delay)


Message History

Unknown command.
You slurp down every last drop of the potion of curing!
You feel better.
The centaur warrior shoots an arrow.
The arrow hits you!!
* * * LOW HITPOINT WARNING * * *
You roll towards the centaur warrior!
You barely miss the centaur warrior.
The centaur warrior is heavily wounded.
The centaur warrior unwields a +0 shortbow.
The centaur warrior hits you.
* * * LOW HITPOINT WARNING * * *
The centaur warrior closely misses you.
The orc wizard casts a spell.
The orc wizard flickers and vanishes!
Deactivating autopickup; reactivate with Ctrl-A.
The centaur warrior hits you but does no damage.
The centaur warrior kicks you but does no damage.
Unknown command.
Unknown command.
You sock the centaur warrior!
The centaur warrior is severely wounded.
The centaur warrior hits you!
* * * LOW HITPOINT WARNING * * *
The centaur warrior kicks you.
* * * LOW HITPOINT WARNING * * *
The boulder beetle completely misses you.
Unknown command.
You barely miss the centaur warrior.
The centaur warrior is severely wounded.
The centaur warrior hits you.
* * * LOW HITPOINT WARNING * * *
The centaur warrior kicks you.
* * * LOW HITPOINT WARNING * * *
You block the centaur warrior's attack. The centaur warrior barely misses you.
You block the boulder beetle's attack.
Unknown command.
Unknown command.
You bludgeon the centaur warrior!!
The centaur warrior is almost dead.
The centaur warrior hits you!
You die...
Your body crumbles into a pile of gold.

▓+▓
▓.▓
▓c▓
▓B▓
▓{▓
▓l▓
▓c▓
▓@▓
$
▓B▓
$
▓.▓
$ $
▓.▓
$
▓)▓
$
▓.▓
▓)▓
$ $
▓)▓
$
▓.▓


You could see a boulder beetle, an entropy weaver shaped shifter, a centaur
warrior, a yaktaur and a basilisk.

Vanquished Creatures
  A two-headed ogre (D)
  A hornet (D)
  A wraith (D)
  An ogre (D)
  A centaur (D)
  A killer bee (D)
  A hound (D)
  An iguana (D)
  An orc wizard (D)
  An adder (D)
  An orc (D)
  A giant cockroach (D)
  A goblin (D)
  A hobgoblin (D)
  2 frilled lizards (D)
16 creatures vanquished.

Notes
Turn   | Place    | Note
-------+----------+-------------------------------------------
     0 | D        | mhtbhm the Armataur Fighter began the quest for the Orb.
     0 | D        | Reached XP level 1. HP: 19/19 MP: 1/1
    13 | D        | Reached skill level 4 in Armour
    43 | D        | Noticed an iguana
    43 | D        | Noticed a hound
    43 | D        | Noticed an ogre
    48 | D        | Killed an ogre
    49 | D        | Reached skill level 6 in Armour
    49 | D        | Reached skill level 5 in Shields
    49 | D        | Reached XP level 2. HP: 23/29 MP: 2/2
    49 | D        | Reached XP level 3. HP: 29/36 MP: 3/3
    49 | D        | Reached XP level 4. HP: 34/43 MP: 4/4
    53 | D        | Reached skill level 5 in Fighting
    53 | D        | Reached skill level 7 in Armour
    60 | D        | Reached XP level 5. HP: 33/51 MP: 5/5
    74 | D        | Found a snail-covered altar of Cheibriados.
    74 | D        | Found a shadowy altar of Dithmenos.
    74 | D        | Found a white marble altar of Elyvilon.
    74 | D        | Found a blossoming altar of Fedhas.
    74 | D        | Found an opulent altar of Gozag.
    75 | D        | Found a hazy altar of Hepliaklqana.
    76 | D        | Found a viscous altar of Jiyva.
    77 | D        | Found an ancient bone altar of Kikubaaqudgha.
    78 | D        | Found a corrupted altar of Lugonu.
    79 | D        | Found a burning altar of Makhleb.
    80 | D        | Found a sparkling altar of Nemelex Xobeh.
    81 | D        | Found an iron altar of Okawaru.
    82 | D        | Found a stormy altar of Qazlal.
    83 | D        | Found a sacrificial altar of Ru.
    84 | D        | Found a shimmering blue altar of Sif Muna.
    85 | D        | Found a bloodstained altar of Trog.
    86 | D        | Found a hide-covered altar of Uskayaw.
    87 | D        | Found a radiant altar of Vehumet.
    88 | D        | Found an ornate altar of the Wu Jian Council.
    89 | D        | Found a shimmering altar of Xom.
    90 | D        | Found a basalt altar of Yredelemnul.
    91 | D        | Found a glowing silver altar of Zin.
   102 | D        | Became a worshipper of Gozag Ym Sagoz the Greedy
   113 | D        | Found a glowing golden altar of the Shining One.
   160 | D        | Noticed a centaur
   160 | D        | Noticed a wraith
   160 | D        | Noticed a two-headed ogre
   160 | D        | Noticed a hornet
   164 | D        | Paralysed by a hornet for 1 turns
   167 | D        | Paralysed by a hornet for 2 turns
   173 | D        | Paralysed by a hornet for 2 turns
   179 | D        | Paralysed by a hornet for 3 turns
   183 | D        | Paralysed by a hornet for 3 turns
   186 | D        | Killed a hornet
   187 | D        | Reached skill level 5 in Maces & Flails
   187 | D        | Reached skill level 9 in Armour
   187 | D        | Reached skill level 1 in Dodging
   187 | D        | Reached skill level 1 in Stealth
   187 | D        | Reached XP level 6. HP: 50/62 MP: 6/6
   187 | D        | Killed a two-headed ogre
   188 | D        | Reached skill level 10 in Armour
   188 | D        | Reached XP level 7. HP: 56/70 MP: 7/7
   200 | D        | Killed a wraith
   352 | D        | Noticed a yaktaur
   352 | D        | Noticed a hornet
   352 | D        | Noticed a basilisk
   352 | D        | Noticed a boulder beetle
   352 | D        | Noticed a centaur warrior
   354 | D        | a hornet changed into an entropy weaver
   354 | D        | Noticed an entropy weaver (shapeshifter)
   361 | D        | Slain by a centaur warrior

Illustrated notes

Levels and vault maps discovered:
D:        linesprint [early_d, line_temple, items_1, d_10, items_2, lair_1,
          lair_end, items_3, orc_1, orc_end, items_4, d_15, swamp_1, shoals_1,
          snake_1, spider_1, d_20, vaults_1, items_5, swamp_end, shoals_end,
          snake_end, spider_end, vaults_end, d_27, items_6, zot_1, zot_end,
          crypt_end, forest_end, elf_end, slime_end, tomb_end, abyss_end,
          pan_hell_end]

Skill      XL: |  1  2  3  4  5  6  7 |
---------------+----------------------+-----
Fighting       | 4 5 6 7 |  7.8
Armour         | 6 7 9 10 | 10.9
Maces & Flails | 3 4 5 6 7 |  7.3
Shields        | 5 6 7 8 9 |  9.0
Dodging        | 1 2 |  2.1
Stealth        | 1 |  1.7

Action                   |  1- 3 |  4- 6 |  7- 9 || total
-------------------------+-------+-------+-------++-------
Melee: Flail             |    27 |    24 |    21 ||    72
       Tailslap          |       |     1 |     4 ||     5
Evoke: Wand              |       |       |     3 ||     3
  Use: Potion            |     1 |     8 |     2 ||    11
 Stab: Invisible         |       |     1 |       ||     1
Armor: Scale mail        |     8 |    18 |     9 ||    35
Dodge: Dodged            |     9 |     8 |    18 ||    35
Block: Buckler           |     7 |     9 |     8 ||    24

Table legend: (Time is in decaauts)
 A = Elapsed time spent in this place.
 B = Non-inter-level travel time spent in this place.
 C = Inter-level travel time spent in this place.
 D = Time resting spent in this place.
 E = Time spent auto-exploring this place.
 F = Levels seen in this place.
 G = Mean time per level.
                   A        B        C        D        E       F      G
               +--------+--------+--------+--------+--------+-----+--------+
         Total |    389 |    389 |      0 |    141 |      3 |   1 |  389.0 |
       Dungeon |    389 |    389 |      0 |    141 |      3 |   1 |  389.0 |
               +--------+--------+--------+--------+--------+-----+--------+

Top non-repeatable levels by time:
       D: 389 daAuts
